 Dungeon Sprint DCSS version 0.17-a0-1570-g74b7129 (webtiles) character file.

13680 tt080 the Brawler (level 11, -15/115 HPs)
             Began as a Troll Fighter on July 23, 2015.
             Was the Champion of Makhleb.
             Demolished by a hill giant
             ... wielding a +0 giant club
              (37 damage)
             ... in the Dungeon (Sprint IX: "|||||||||||||||||||||||||||||").
             The game lasted 00:05:47 (916 turns).

tt080 the Brawler (Troll Fighter)                    Turns: 916, Time: 00:05:48

Health: -15/115    AC:  9    Str: 26    XL:     11   Next: 78%
Magic:  10/10      EV: 16    Int:  5    God:    Makhleb [******]
Gold:   650        SH: 12    Dex: 11    Spells: 0 memorised, 10 levels left

rFire  . . .     SeeInvis .       - Unarmed
rCold  . . .     Clarity  .     a - +0 robe
rNeg   . . .     SustAt   .     b - +0 shield
rPois  .         Gourm    +     (helmet restricted)
rElec  .         Spirit   .     q - +0 cloak
rCorr  .         Warding  .     (gloves unavailable)
rMut   .         NoTele   +     (boots unavailable)
MR     .....                    (no amulet)
Stlth  +.........               s - +2 ring of evasion
                                r - +2 ring of protection

@: not resistant to hostile enchantments, very unstealthy
A: unfitting armour, claws 3, fast metabolism 3, gourmand, regeneration 2,
shaggy fur 1, tough skin 2
a: Minor Destruction, Lesser Servant of Makhleb, Major Destruction, Greater
Servant of Makhleb, Renounce Religion


You were in the Dungeon.
You worshipped Makhleb.
Makhleb was exalted by your worship.
You were full.

You visited 1 branch You collected 650 gold pieces.

Inventory:

Armour
 a - a +0 robe (worn)
 b - a +0 shield (worn)
 q - a +0 cloak (worn)
Magical staves
 p - an uncursed staff of energy
Jewellery
 r - a +2 ring of protection (left claw)
 s - a +2 ring of evasion (right claw)
Magical devices
 o - a wand of cold (6)
Scrolls
 i - 2 scrolls of identify
 j - 2 scrolls of blinking
 k - 2 scrolls of enchant weapon
 m - 4 scrolls of remove curse
 n - 2 scrolls of amnesia
 t - a scroll of fear
 w - a scroll of immolation
Potions
 c - a potion of might
 e - 6 potions of curing
 f - 10 potions of heal wounds
 g - 3 potions of haste
 h - 4 potions of magic
 l - a potion of invisibility
 v - a potion of cancellation
 x - a potion of agility
Comestibles
 d - 14 bread rations
 z - 40 fruits
 A - 12 meat rations


   Skills:
 + Level 9.6 Fighting
 + Level 9.2 Armour
 + Level 9.6 Dodging
 + Level 11.8 Shields
 * Level 18.3 Unarmed Combat


You had 10 spell levels left.
You didn't know any spells.

Dungeon Overview and Level Annotations

Branches:
Dungeon (1/1)

Altars:
Cheibriados
Dithmenos
Elyvilon
Fedhas
Gozag
Kikubaaqudgha
Makhleb
Nemelex Xobeh
Okawaru
Qazlal
Ru
Sif Muna
Trog
Vehumet
Xom
Yredelemnul
Zin
The Shining One
Beogh
Jiyva
Lugonu

Shops:
D !=(


Innate Abilities, Weirdness & Mutations

You are too large for most types of armour.
You have claws for hands.
Your metabolism is lightning-fast.
You like to eat raw meat.
You heal very quickly.
You are covered in fur (AC +1).
You have very tough skin (AC +2).


Message History

The deep troll bites you!
* * * LOW HITPOINT WARNING * * *
You block the deep troll's attack. x2
You claw the deep troll!
You kill the deep troll!
Makhleb accepts your kill.
You feel better.
Unknown command.
You claw the hill giant!
The hill giant begins to bleed from its wounds!
The hill giant is moderately wounded.
You block the hill giant's attack.
Unknown command.
You claw the hill giant!
The hill giant is heavily wounded.
Unknown command.
You claw the hill giant!
The hill giant is severely wounded.
The hill giant hits you with a giant club!!!
You die...

_______________'.....).....)....<
▓▓▓▓▓▓▓▓▓▓▓▓▓▓▓▓▓▓▓▓▓▓▓▓▓▓▓▓▓▓▓▓▓
.................................
▓▓▓▓▓▓▓▓▓▓▓▓▓▓▓▓▓▓▓▓▓▓▓▓▓▓▓▓▓▓▓▓.
.†.........†......[[.....'.......
▓▓▓▓▓▓▓▓▓▓▓▓▓▓▓▓▓▓▓▓▓▓▓▓▓▓▓▓▓▓▓▓▓
..................)..............
▓▓▓▓▓▓▓▓▓▓▓▓▓▓▓▓▓▓▓▓▓▓▓▓▓▓▓▓▓▓▓▓.
)C))((..(.)..).C@))))............
▓▓▓▓▓▓▓▓▓▓▓▓▓▓▓▓▓▓▓▓▓▓▓▓▓▓▓▓▓▓▓▓▓


You could see a hill giant (bleeding).

Vanquished Creatures
  A dire elephant (D)
  An ettin (D)
  A death yak (D)
  An unseen horror (D)
  3 deep trolls (D)
  3 hill giants (D)
  An orc knight (D)
  7 elephants (D)
  A black mamba (D)
  A spiny frog (D)
  A fire drake (D)
  A troll (D)
  A yak (D)
  A deep elf mage (D)
  A basilisk (D)
  Grum (D)
  A hippogriff (D)
  4 wolves (D)
  A hungry ghost (D)
  A mottled dragon (D)
  3 water moccasins (D)
  A porcupine (D)
  2 sky beasts (D)
  13 orc warriors (D)
  2 ogres (D)
  2 crocodiles (D)
  6 giant frogs (D)
  A wight (D)
  A quasit (D)
  4 orc priests (D)
  3 orc wizards (D)
  A worm (D)
  7 orcs (D)
  A goblin (D)
  A hobgoblin (D)
  A ball python (D)
  A bat (D)
  A giant cockroach (D)
  A kobold (D)
  A quokka skeleton (D)
86 creatures vanquished.

Notes
Turn   | Place    | Note
--------------------------------------------------------------
     0 | D        | tt080 the Troll Fighter began the quest for the Orb.
     0 | D        | Reached XP level 1. HP: 22/22 MP: 0/0
    16 | D        | Reached skill level 3 in Unarmed Combat
    25 | D        | Noticed an orc wizard
    28 | D        | Killed an orc wizard
    28 | D        | Reached skill level 5 in Unarmed Combat
    28 | D        | Reached XP level 2. HP: 23/29 MP: 1/1
    28 | D        | Reached XP level 3. HP: 28/36 MP: 2/2
    47 | D        | Found a glowing silver altar of Zin.
    47 | D        | Found a glowing golden altar of the Shining One.
    47 | D        | Found an ancient bone altar of Kikubaaqudgha.
    47 | D        | Found a basalt altar of Yredelemnul.
    47 | D        | Found a shimmering altar of Xom.
    47 | D        | Found a radiant altar of Vehumet.
    48 | D        | Found an iron altar of Okawaru.
    49 | D        | Found a burning altar of Makhleb.
    50 | D        | Found a deep blue altar of Sif Muna.
    51 | D        | Found a bloodstained altar of Trog.
    52 | D        | Found a sparkling altar of Nemelex Xobeh.
    53 | D        | Found a white marble altar of Elyvilon.
    54 | D        | Found a roughly hewn altar of Beogh.
    55 | D        | Found a viscous altar of Jiyva.
    56 | D        | Found a corrupted altar of Lugonu.
    59 | D        | Became a worshipper of Makhleb the Destroyer
    60 | D        | Found a blossoming altar of Fedhas.
    61 | D        | Found a snail-covered altar of Cheibriados.
    62 | D        | Found a shadowy altar of Dithmenos.
    63 | D        | Found a stormy altar of Qazlal.
    64 | D        | Found an opulent altar of Gozag.
    65 | D        | Found a sacrificial altar of Ru.
    98 | D        | Noticed an ogre
    98 | D        | Noticed a wight
    98 | D        | Noticed a quasit
    98 | D        | Noticed an orc priest
    98 | D        | Noticed an ogre
    98 | D        | Noticed a sky beast
   109 | D        | Killed a sky beast
   109 | D        | Reached skill level 5 in Shields
   109 | D        | Reached skill level 8 in Unarmed Combat
   109 | D        | Reached XP level 4. HP: 31/44 MP: 3/3
   112 | D        | Killed an ogre
   112 | D        | Acquired Makhleb's first power
   112 | D        | Reached skill level 9 in Unarmed Combat
   112 | D        | Reached XP level 5. HP: 36/50 MP: 4/4
   114 | D        | Killed an orc priest
   114 | D        | Reached skill level 10 in Unarmed Combat
   117 | D        | Killed a quasit
   117 | D        | Reached XP level 6. HP: 49/59 MP: 5/5
   122 | D        | Killed a wight
   122 | D        | Acquired Makhleb's second power
   122 | D        | Reached skill level 11 in Unarmed Combat
   124 | D        | Killed an ogre
   145 | D        | Noticed a deep elf mage
   145 | D        | Noticed a mottled dragon
   145 | D        | Noticed a hippogriff
   145 | D        | Noticed a sky beast
   145 | D        | Noticed a hungry ghost
   157 | D        | Killed a hungry ghost
   157 | D        | Reached skill level 12 in Unarmed Combat
   157 | D        | Reached XP level 7. HP: 66/66 MP: 6/6
   163 | D        | Killed an unseen horror
   163 | D        | Acquired Makhleb's third power
   163 | D        | Reached skill level 13 in Unarmed Combat
   163 | D        | Reached XP level 8. HP: 53/78 MP: 7/7
   164 | D        | Killed a sky beast
   169 | D        | Killed a hippogriff
   172 | D        | Killed a mottled dragon
   172 | D        | Acquired Makhleb's fourth power
   177 | D        | Killed a deep elf mage
   287 | D        | Noticed a crocodile
   287 | D        | Noticed a giant frog
   287 | D        | Noticed a crocodile
   287 | D        | Noticed a water moccasin
   287 | D        | Noticed a water moccasin
   287 | D        | Noticed a yak
   290 | D        | Killed a yak
   290 | D        | Reached skill level 5 in Fighting
   294 | D        | Noticed a basilisk
   296 | D        | Noticed a giant frog
   300 | D        | Killed a water moccasin
   300 | D        | Acquired Makhleb's fifth power
   300 | D        | Reached skill level 5 in Dodging
   300 | D        | Reached skill level 14 in Unarmed Combat
   303 | D        | Noticed a black mamba
   305 | D        | Killed a water moccasin
   308 | D        | Killed a crocodile
   308 | D        | Reached XP level 9. HP: 88/88 MP: 8/8
   311 | D        | Killed a giant frog
   314 | D        | Killed a crocodile
   326 | D        | Killed a basilisk
   330 | D        | Killed a giant frog
   333 | D        | Killed a black mamba
   333 | D        | Reached skill level 5 in Armour
   344 | D        | Noticed a giant frog
   344 | D        | Noticed a giant frog
   344 | D        | Noticed a death yak
   344 | D        | Noticed a porcupine
   344 | D        | Noticed a fire drake
   344 | D        | Noticed a giant frog
   345 | D        | Noticed a spiny frog
   345 | D        | Killed a giant frog
   349 | D        | Killed a fire drake
   350 | D        | Noticed a water moccasin
   354 | D        | Noticed a giant frog
   358 | D        | Killed a death yak
   358 | D        | Reached skill level 15 in Unarmed Combat
   361 | D        | Killed a porcupine
   367 | D        | Killed a spiny frog
   367 | D        | Reached XP level 10. HP: 82/100 MP: 9/9
   369 | D        | Killed a giant frog
   372 | D        | Killed a giant frog
   372 | D        | Reached skill level 10 in Shields
   374 | D        | Killed a water moccasin
   375 | D        | Killed a giant frog
   420 | D        | Noticed an elephant
   420 | D        | Noticed an elephant
   420 | D        | Noticed an elephant
   420 | D        | Noticed an elephant
   420 | D        | Noticed an elephant
   420 | D        | Noticed a dire elephant
   423 | D        | Noticed an elephant
   430 | D        | Killed a dire elephant
   430 | D        | Reached skill level 16 in Unarmed Combat
   436 | D        | Killed an elephant
   445 | D        | Killed an elephant
   446 | D        | Noticed an elephant
   454 | D        | Killed an elephant
   459 | D        | Killed an elephant
   464 | D        | Killed an elephant
   470 | D        | Killed an elephant
   478 | D        | Killed an elephant
   565 | D        | Noticed a wolf
   573 | D        | Killed a wolf
   575 | D        | Noticed Grum
   577 | D        | Noticed a wolf
   578 | D        | Noticed a wolf
   578 | D        | Noticed a wolf
   582 | D        | Killed Grum
   582 | D        | Reached XP level 11. HP: 84/111 MP: 10/10
   584 | D        | Killed a wolf
   591 | D        | Killed a wolf
   594 | D        | Killed a wolf
   594 | D        | Reached skill level 17 in Unarmed Combat
   626 | D        | Noticed an orc wizard
   626 | D        | Noticed an orc priest
   626 | D        | Noticed an orc knight
   634 | D        | Noticed an orc warrior
   634 | D        | Killed an orc knight
   635 | D        | Noticed an orc priest
   638 | D        | Killed an orc priest
   639 | D        | Noticed an orc wizard
   640 | D        | Killed an orc wizard
   647 | D        | Noticed an orc warrior
   647 | D        | Killed an orc warrior
   661 | D        | Killed an orc warrior
   662 | D        | Killed an orc priest
   668 | D        | Noticed an orc priest
   669 | D        | Killed an orc wizard
   676 | D        | Killed an orc priest
   763 | D        | Noticed an orc warrior
   763 | D        | Noticed an orc warrior
   763 | D        | Noticed an orc warrior
   763 | D        | Noticed an orc warrior
   763 | D        | Noticed an orc warrior
   764 | D        | Killed an orc warrior
   765 | D        | Noticed an orc warrior
   765 | D        | Noticed an orc warrior
   768 | D        | Killed an orc warrior
   769 | D        | Noticed an orc warrior
   771 | D        | Killed an orc warrior
   772 | D        | Noticed an orc warrior
   778 | D        | Killed an orc warrior
   783 | D        | Killed an orc warrior
   784 | D        | Noticed an orc warrior
   786 | D        | Killed an orc warrior
   787 | D        | Noticed an orc warrior
   795 | D        | Killed an orc warrior
   799 | D        | Killed an orc warrior
   803 | D        | Killed an orc warrior
   808 | D        | Killed an orc warrior
   814 | D        | Killed an orc warrior
   841 | D        | Found Egiekhlen's Antique Weapon Boutique.
   841 | D        | Noticed a troll
   841 | D        | Noticed a deep troll
   841 | D        | Noticed a deep troll
   841 | D        | Noticed a hill giant
   841 | D        | Noticed a hill giant
   842 | D        | Noticed a hill giant
   845 | D        | Killed a hill giant
   848 | D        | Noticed an ettin
   850 | D        | Killed a hill giant
   853 | D        | Killed a deep troll
   854 | D        | Noticed a deep troll
   854 | D        | Found Qiblon's Jewellery Shop.
   858 | D        | Noticed a hill giant
   862 | D        | Killed a deep troll
   863 | D        | Noticed an iron troll
   866 | D        | Killed a troll
   867 | D        | Found Ydgheafio's Distillery.
   902 | D        | Killed an ettin
   902 | D        | Reached skill level 18 in Unarmed Combat
   906 | D        | Killed a hill giant
   912 | D        | HP: 4/115 [deep troll (15)]
   913 | D        | Killed a deep troll
   916 | D        | Demolished by a hill giant

Vault maps used:
D:        linesprint

Action                   |  1- 3 |  4- 6 |  7- 9 | 10-12 || total
-------------------------+-------+-------+-------+-------++-------
Melee: Unarmed           |    36 |    24 |    77 |   204 ||   341
Evoke: Wand              |       |       |       |     1 ||     1
  Use: Potion            |     1 |       |       |       ||     1
  Eat: Chunk             |       |     4 |       |    11 ||    15
